 Dungeon Crawl Stone Soup version 0.30-a0-576-g89cddaab80 (webtiles) character file.

Game seed: 11049850659177477471

1012 wormed the Shooter (level 8, -7/42 HPs)
             Began as a Spriggan Hunter on Dec 31, 2022.
             Was an Initiate of Okawaru.
             Mangled by a hornet (17 damage)
             ... on level 5 of the Dungeon.
             The game lasted 00:06:25 (4603 turns).

wormed the Shooter (Spriggan Hunter)                Turns: 4603, Time: 00:06:26

Health: -7/42      AC:  2    Str:  7    XL:     8   Next: 1%
Magic:  9/9        EV: 21    Int: 10    God:    Okawaru [......]
Gold:   194        SH:  5    Dex: 21    Spells: 7/7 levels left

rFire   . . .      SeeInvis +    a - +0 shortbow
rCold   . . .      Faith    .    (shield currently unavailable)
rNeg    . . .      Spirit   .    c - +0 robe
rPois   .          Reflect  +    (helmet restricted)
rElec   .          Harm     .    (no cloak)
rCorr   .          Rampage  .    (gloves unavailable)
Will    .....                    (boots unavailable)
Stlth   +++                      m - amulet of reflection
HPRegen 0.27/turn                (no ring)
MPRegen 0.11/turn                (no ring)

@: lethally poisoned (-7 -> -10), silenced, weak-willed, invisible, very quick
A: very small, no large weapons, unfitting armour, see invisible, speed 3
a: Renounce Religion


You were on level 5 of the Dungeon.
You worshipped Okawaru.
Okawaru was noncommittal.
You visited 2 branches of the dungeon, and saw 7 of its levels.
You also visited: Ossuary.

You collected 214 gold pieces.
You spent 20 gold pieces at shops.

Inventory:

Hand Weapons
 a - a +0 shortbow (weapon)
Missiles
 r - 2 throwing nets
Armour
 c - a +0 robe (worn)
Jewellery
 m - an amulet of reflection (around neck)
 p - an amulet of magic regeneration
 s - a ring of magical power
Wands
 h - a wand of mindburst (11)
Scrolls
 b - a scroll of immolation
 d - 7 scrolls of teleportation {unknown}
 e - 3 scrolls of fog {unknown}
 g - a scroll of enchant weapon {unknown}
 l - 3 scrolls of blinking {unknown}
 n - a scroll of torment
 o - 3 scrolls of magic mapping {unknown}
 t - a scroll of noise
 u - a scroll of poison
Potions
 f - 2 potions of might
 i - a potion of invisibility
 j - 2 potions of brilliance
 k - 6 potions of heal wounds
 q - a potion of berserk rage
 v - 2 potions of curing {unknown}
 w - 2 potions of mutation {unknown}
 x - a potion of cancellation {unknown}


   Skills:
 + Level 3.7 Fighting
 * Level 7.1 Ranged Weapons
 + Level 6.0 Dodging
 + Level 6.4 Stealth


You had 7 spell levels left.
You didn't know any spells.
Your spell library contained the following spells:

 Spells                   Type           Power      Damage    Failure   Level
 Sting                    Tmut/Pois      0%         1d3       36%         1
 Poisonous Vapours        Pois/Air       0%         N/A       50%         2
 Hailstorm                Conj/Ice       0%         3d3       75%         3
 Anguish                  Hex/Necr       0%         N/A       98%         4
 Ice Form                 Ice/Tmut       0%         N/A       98%         4
 Olgreb's Toxic Radiance  Pois           0%         N/A       98%         4
 Enfeeble                 Hex            0%         N/A       100%        7
 Simulacrum               Ice/Necr       Unusable   N/A       N/A         6

Dungeon Overview and Level Annotations

Branches:
Dungeon (6/15)             Temple (1/1) D:5         Ossuary (visited)

Altars:
Ashenzari
Cheibriados
Dithmenos
Fedhas
Gozag
Hepliaklqana
Kikubaaqudgha
Makhleb
Okawaru
Ru
Sif Muna
Trog
Uskayaw
Vehumet
Wu Jian
Xom
Yredelemnul
Zin
The Shining One

Shops:
D:3 ?


Innate Abilities, Weirdness & Mutations

You are very small and have problems with some larger weapons.
You are too small for most types of armour.
You have supernaturally acute eyesight. (SInv)
You cover ground extremely quickly. (Speed+++)


Message History

As you read the scroll labelled DEGUAS JYGERR, it crumbles to dust.
A profound silence engulfs you.
It was a scroll of silence.
A hornet is nearby!
A hornet is nearby!
You shoot an arrow. The arrow hits the hornet!
The hornet is moderately wounded.
You shoot an arrow. The arrow misses the hornet.
You shoot an arrow. The arrow closely misses the hornet.
The hornet stings you but does no damage.
You block the hornet's attack.
You shoot an arrow. The arrow hits the hornet!
The hornet is heavily wounded.
You block the hornet's attack.
You shoot an arrow.
The arrow hits the hornet but does no damage.
The hornet is heavily wounded.
The hornet completely misses you. The hornet stings you.
You suddenly lose the ability to move!
The hornet stings you!
You are poisoned.
You feel yourself slow down.
You feel yourself speed up.
You feel very sick. The hornet stings you.
You shrug off the repeated paralysis!
The hornet barely misses you.
You can move again.
You fade into invisibility!
You feel sick. The hornet completely misses you.
Fire: a) +0 shortbow
Press: ? - help, Q - select action, (/) - cycle Shift-Dir - straight line, f/p - hornet
Aim: a hornet (silenced, heavily wounded, unable to see you, 54% to hit)
You shoot an arrow. The arrow hits the hornet.
The hornet is severely wounded.
You feel sick. The hornet completely misses you. You block the hornet's attack.
Fire: a) +0 shortbow
Press: ? - help, Q - select action, (/) - cycle Shift-Dir - straight line, f/p - hornet
Aim: a hornet (silenced, severely wounded, unable to see you, 54% to hit)
You shoot an arrow. The arrow completely misses the hornet.
You feel sick. The hornet stings you!
You die...

.......# #.##.##.####
######.# ##.##.##....#
######.# #..##.#####.#
.......# #.###.# #.#
#####..# #.# #.# #.#
.......# #.# #.# #.#
#####..# #.# #.# #.#
#..#####.###.## #.#
#........##†@y####.#
#.######....#......#
#.######.##...######
#........###.##
#.#########.#.#########
#.# #.###........# #.#
##.#.#######.# #.#
##.## #...# #.# ###
#.###


You could see a hornet (unable to see you).

Vanquished Creatures
  An ogre (D:5)
  A phantom (D:5)
  A scorpion (D:4)
  5 water moccasin zombies (Ossuary)
  A jelly (D:6)
  3 hounds (D:5)
  An orc priest (D:3)
  3 orc wizards
  3 iguanas
  2 mummies (Ossuary)
  8 adders
  4 adder zombies (Ossuary)
  A worm (D:3)
  5 dart slugs
  8 orcs
  3 bats (D:1)
  5 endoplasms
  3 giant cockroaches
  7 gnoll zombies (Ossuary)
  6 goblins
  2 hobgoblins
  3 jackals (D:1)
  2 quokkas
  11 ball pythons
  3 frilled lizards
  4 hobgoblin zombies (Ossuary)
  4 kobolds
  4 kobold zombies (Ossuary)
  9 orc zombies (Ossuary)
  5 rats
118 creatures vanquished.

Notes
Turn   | Place    | Note
-------+----------+-------------------------------------------
     0 | D:1      | wormed the Spriggan Hunter began the quest for the Orb.
     0 | D:1      | Reached XP level 1. HP: 10/10 MP: 2/2
     1 | D:1      | You fall into a shaft and drop 1 floor!
     1 | D:2      | Found a faded altar of an unknown god.
   138 | D:2      | Reached XP level 2. HP: 13/15 MP: 3/3
   863 | D:1      | Reached XP level 3. HP: 18/18 MP: 4/4
  1791 | D:3      | Found Cymuros's Magic Scroll Emporium.
  1799 | D:3      | Bought a scroll of identify for 20 gold pieces
  1851 | D:4      | Reached XP level 4. HP: 15/23 MP: 5/5
  1979 | D:4      | Found a sand-covered staircase.
  2007 | Ossuary  | Entered an ossuary
  2092 | Ossuary  | Reached skill level 5 in Ranged Weapons
  2092 | Ossuary  | Reached XP level 5. HP: 13/27 MP: 6/6
  2270 | Ossuary  | Reached XP level 6. HP: 24/32 MP: 7/7
  2439 | Ossuary  | Reached skill level 6 in Ranged Weapons
  2519 | D:4      | Reached skill level 5 in Dodging
  2519 | D:4      | Reached skill level 5 in Stealth
  2785 | D:3      | Reached XP level 7. HP: 36/36 MP: 8/8
  2795 | D:3      | Found a shadowy altar of Dithmenos.
  3333 | D:5      | Entered Level 5 of the Dungeon
  3410 | D:5      | Found a staircase to the Ecumenical Temple.
  3419 | Temple   | Entered the Ecumenical Temple
  3631 | Temple   | Became a worshipper of Warmaster Okawaru
  4147 | D:5      | Reached skill level 7 in Ranged Weapons
  4475 | D:6      | Noticed a hornet
  4581 | D:5      | Reached XP level 8. HP: 35/42 MP: 9/9
  4598 | D:5      | Paralysed by a hornet for 3 turns
  4603 | D:5      | Mangled by a hornet

Illustrated notes

Levels and vault maps discovered:
D:1:      arrival_zaba_pyramid, layout_basic, minmay_bisected
D:2:      layout_loops_ring, shapermc_ecumenical_altar_starsandcircs,
          grunt_ministairs_7
D:3:      layout_loops_corners, grunt_dithmenos_smoke_and_mirrors, serial_shops,
          shop_fountains
D:4:      layout_rooms, chequers_ossuary_entry_cave
D:5:      layout_loops_ring, minmay_temple_entry_nine_rooms
D:6:      layout_cave_pools, gammafunk_temple_overflow_claw, serial_shops,
          kennysheep_mini, uniq_eustachio
Temple:   mainiacjoe_temple_bowtie_tessellation

Skill      XL: |  1  2  3  4  5  6  7 |
---------------+----------------------+-----
Dodging        | 3 4 5 6 |  6.0
Stealth        | 2 3 4 5 6 |  6.4
Fighting       | 2 3 |  3.7
Ranged Weapons | 5 6 7 |  7.1

Action                   |  1- 3 |  4- 6 |  7- 9 || total
-------------------------+-------+-------+-------++-------
Melee: Shortbow          |       |       |     1 ||     1
 Fire: Shortbow          |    93 |   176 |   160 ||   429
  Use: Scroll            |       |     8 |     2 ||    10
       Potion            |       |       |     3 ||     3
Armor: Robe              |     4 |     7 |     1 ||    12
Dodge: Dodged            |    20 |    74 |    54 ||   148
Block: Other             |       |    23 |    26 ||    49
       Reflection        |       |       |     2 ||     2

Table legend: (Time is in decaauts)
 A = Elapsed time spent in this place.
 B = Non-inter-level travel time spent in this place.
 C = Inter-level travel time spent in this place.
 D = Time resting spent in this place.
 E = Time spent auto-exploring this place.
 F = Levels seen in this place.
 G = Mean time per level.
                   A        B        C        D        E       F      G
               +--------+--------+--------+--------+--------+-----+--------+
         Total |   3293 |   3183 |    110 |      0 |   2399 |   8 |  411.6 |
       Dungeon |   2674 |   2580 |     94 |      0 |   2023 |   6 |  445.7 |
        Temple |    152 |    137 |     15 |      0 |    121 |   1 |  152.0 |
       Ossuary |    466 |    466 |      0 |      0 |    255 |   1 |  466.0 |
               +--------+--------+--------+--------+--------+-----+--------+

Top non-repeatable levels by time:
     D:5: 730 daAuts
     D:3: 603 daAuts
     D:2: 531 daAuts
     D:1: 481 daAuts
 Ossuary: 466 daAuts
     D:4: 308 daAuts
  Temple: 152 daAuts
     D:6: 18 daAuts
